 Dungeon Crawl Stone Soup version 0.29.0-10-g45618ea6d2 (webtiles) character file.

Game seed: 762154507182938877

7735 Kahsius the Martial Artist (level 11, 0/94 HPs)
             Began as a Red Draconian Transmuter on Sept 1, 2022.
             Was an Elder of Okawaru.
             Slain by a killer bee (3 damage)
             ... on level 2 of the Lair of Beasts.
             The game lasted 00:41:41 (10319 turns).

Kahsius the Martial Artist (DrTm)                  Turns: 10319, Time: 00:41:42

Health: 0/94       AC: 12    Str: 16    XL:     11   Next: 0%
Magic:  15/21      EV: 16    Int: 13    God:    Okawaru [****..]
Gold:   626        SH:  0    Dex: 15    Spells: 15/23 levels left

rFire   + . .      SeeInvis .     - Unarmed
rCold   . . .      Faith    .   (no shield)
rNeg    . . .      Spirit   .   (body armour unavailable)
rPois   .          Reflect  .   (helmet restricted)
rElec   .          Harm     .   t - +0 cloak
rCorr   .          Rampage  .   (no gloves)
Will    .....      Rage     3%  (no boots)
Stlth   +.........              (no amulet)
HPRegen 0.25/turn               h - +4 ring of protection
MPRegen 0.17/turn               f - +4 ring of evasion

@: lethally poisoned (0 -> -6), marked, wereblooded
A: breathe fire, AC +7, unfitting armour, fire resistance 1, cold-blooded, fangs
1, berserk 1, strong 1
a: Breathe Fire, Renounce Religion, Heroism, Finesse


You were on level 2 of the Lair of Beasts.
You worshipped Okawaru.
Okawaru was greatly pleased with you.
You visited 3 branches of the dungeon, and saw 12 of its levels.

You collected 626 gold pieces.

Inventory:

Armour
 t - a +0 cloak (worn)
Jewellery
 f - a +4 ring of evasion (right hand)
 h - a +4 ring of protection (left hand)
 i - a ring of wizardry
Wands
 c - a wand of polymorph (3)
 s - a wand of iceblast (4)
Scrolls
 b - a scroll of fear
 d - 4 scrolls of identify
 j - 4 scrolls of amnesia
 m - 8 scrolls of teleportation
 n - 2 scrolls of brand weapon
 q - 2 scrolls of enchant armour
Potions
 a - 3 potions of lignification
 e - a potion of haste
 g - 2 potions of cancellation
 k - 2 potions of brilliance
 l - 2 potions of curing
 o - 2 potions of might
 p - a potion of invisibility


   Skills:
 + Level 7.8 Fighting
 - Level 1.7 Dodging
 * Level 10.7 Unarmed Combat
 + Level 6.8 Spellcasting
 + Level 7.3 Transmutations
 + Level 6.3 Invocations


You had 15 spell levels left.
You knew the following spells:

 Your Spells              Type           Power      Damage    Failure   Level
a - Beastly Appendage     Tmut           46%        N/A       1%          1
b - Wereblood             Tmut           23%        N/A       1%          2
c - Passwall              Tmut/Erth      11%        N/A       5%          2
d - Spider Form           Tmut/Pois      14%        N/A       11%         3

Your spell library contained the following spells:

 Spells                   Type           Power      Damage    Failure   Level
 Ensorcelled Hibernation  Hex/Ice        8%         N/A       24%         2
 Poisonous Vapours        Pois/Air       8%         N/A       24%         2
 Ice Form                 Ice/Tmut       14%        N/A       34%         4
 Swiftness                Air            4%         N/A       43%         3
 Maxwell's Capacitive Co  Air            2%         ∞         100%        8
 Shatter                  Erth           2%         3d6*      100%        9


Dungeon Overview and Level Annotations

Branches:
Dungeon (9/15)             Temple (1/1) D:7            Lair (2/5) D:8
    Orc (0/2) D:9
  Swamp: Lair:2-3    Shoals: Lair:2-3     Snake: Lair:2-3    Spider: Lair:2-3

Altars:
Ashenzari
Cheibriados
Dithmenos
Elyvilon
Fedhas
Gozag
Hepliaklqana
Kikubaaqudgha
Makhleb
Nemelex Xobeh
Okawaru
Qazlal
Ru
Sif Muna
Trog
Uskayaw
Vehumet
Wu Jian
Xom
Yredelemnul
Zin
The Shining One

Annotations:
Lair:2 Harold


Innate Abilities, Weirdness & Mutations

You can breathe blasts of fire.
Your fiery red scales are hard. (AC +7)
You cannot fit into any form of body armour.
Your flesh is heat resistant. (rF+)
You are cold-blooded and may be slowed by cold attacks.
You have very sharp teeth.
You sometimes lose your temper in combat.
Your muscles are strong. (Str +4, Int/Dex -1)


Message History

The spectator cheers loudly.
You have reached level 11!
You start resting.
Okawaru bids you farewell from the Arena.
You start resting.
You are returned from the Arena.
Welcome back to the Lair of Beasts!
Level annotation: Harold A killer bee comes into view.
A wolf comes into view.
The killer bee completely misses you.
Okay, then.
Okay, then.
Blink to where?
Press: ? - help, Dir - move target
As you read the scroll of blinking, it crumbles to dust.
You feel like a meek peon again.
A meliai comes into view. It is wielding a +0 hand axe.
Okay, then.
Casting: Beastly Appendage (safe; 1% risk of failure)
Confirm with . or Enter, or press ? or * to list all spells.
Your blood is infused with primal strength.
The meliai calls down the wrath of its god upon you.
Something smites you!
* * * LOW HITPOINT WARNING * * *
The killer bee stings you but does no damage.
You closely miss the killer bee. The killer bee stings you.
* * * LOW HITPOINT WARNING * * *
You are lethally poisoned!
The killer bee poisons you!
A killer bee comes into view.
The killer bee barely misses you. The killer bee closely misses you.
The killer bee misses you.
You miss the killer bee.
* * * LOW HITPOINT WARNING * * *
You feel sick.
The killer bee stings you but does no damage.
The killer bee barely misses you. The killer bee misses you.
You miss the killer bee.
* * * LOW HITPOINT WARNING * * *
You feel sick.
Harold seems less brilliant.
The killer bee stings you.
You die...

.#.# ...# ##..#
#...## #.... #P..#
#...## #.........
##@y#P ..........
#hyy#..#.........
#...# .#.........
##@y# ..........
#.h...#.........
....h.#.@.......
.......P<§...[...
##...#..h.........
#P...............


You could see Harold, a meliai, 3 wolves and 3 killer bees.

Vanquished Creatures
  A cyclops (D:8)
  2 black mambas
  3 cane toads (Lair:1)
  A komodo dragon (D:8)
  2 trolls (D:9)
  4 dream sheep (Lair:1)
  A shadow (D:9)
  2 steam dragons
  2 water moccasins
  Duvessa (D:5)
  A black bear (D:6)
  2 ice beasts
  A sky beast (D:7)
  6 orc warriors
  2 centaurs
  An ogre (D:9)
  A phantom (D:6)
  2 kobold brigands (D:8)
  2 bullfrogs
  A necrophage (D:5)
  A scorpion (D:7)
  12 wights
  Dowan (D:5)
  12 killer bees
  7 hounds
  2 orc priests
  Crazy Yiuf (D:5)
  5 jellies (D:6)
  6 iguanas
  5 orc wizards
  6 gnolls (D:4)
  2 adders (D:3)
  A shadow imp (D:8)
  A white imp (D:5)
  2 worms
  3 dart slugs
  32 orcs
  7 ball pythons
  6 bats
  9 endoplasms
  2 giant cockroaches
  9 goblins
  7 hobgoblins
  2 jackals (D:1)
  19 kobolds
  8 quokkas
  5 frilled lizards
  2 rats (D:1)
213 creatures vanquished.

Vanquished Creatures (others)
  6 plants
6 creatures vanquished.

Grand Total: 219 creatures vanquished

Notes
Turn   | Place    | Note
-------+----------+-------------------------------------------
     0 | D:1      | Kahsius the Draconian Transmuter began the quest for the
                  | Orb.
     0 | D:1      | Reached XP level 1. HP: 16/16 MP: 3/3
   311 | D:1      | Reached XP level 2. HP: 23/23 MP: 3/5
   694 | D:1      | You fall into a shaft and drop 1 floor!
   748 | D:1      | Reached XP level 3. HP: 27/27 MP: 4/6
  1272 | D:2      | Found a faded altar of an unknown god.
  1756 | D:2      | Learned a level 2 spell: Wereblood
  2000 | D:3      | Reached XP level 4. HP: 34/36 MP: 5/7
  2115 | D:3      | Noticed an ice beast
  2144 | D:3      | Killed an ice beast
  2145 | D:3      | Reached skill level 4 in Unarmed Combat
  2145 | D:3      | Reached XP level 5. HP: 42/42 MP: 7/9
  3187 | D:4      | Reached XP level 6. HP: 37/51 MP: 8/10
  3378 | D:4      | Reached skill level 5 in Unarmed Combat
  3437 | D:4      | Found an iron altar of Okawaru.
  3971 | D:4      | Found a glowing golden altar of the Shining One.
  4054 | D:4      | Became a worshipper of Warmaster Okawaru
  4192 | D:5      | Entered Level 5 of the Dungeon
  4204 | D:5      | Found a shadowy altar of Dithmenos.
  4439 | D:5      | Found a sparkling altar of Nemelex Xobeh.
  4439 | D:5      | Found a snail-covered altar of Cheibriados.
  4451 | D:5      | Noticed Duvessa
  4451 | D:5      | Noticed Dowan
  4477 | D:5      | Killed Duvessa
  4477 | D:5      | Reached * piety under Okawaru
  4478 | D:5      | Your scales start taking on a fiery red colour.
  4478 | D:5      | Reached XP level 7. HP: 55/58 MP: 10/12
  4478 | D:5      | Gained mutation: Your flesh is heat resistant. (rF+) [Red
                  | Draconian growth]
  4486 | D:5      | Killed Dowan
  4603 | D:5      | Reached skill level 6 in Unarmed Combat
  4991 | D:5      | Found a runed translucent door.
  4992 | D:5      | Noticed Crazy Yiuf
  5043 | D:5      | Found a hide-covered altar of Uskayaw.
  5099 | D:5      | Killed Crazy Yiuf
  5187 | D:5      | Identified the +6 hammer of Greed {flame, rF+}
  5285 | D:6      | Reached skill level 1 in Invocations
  5285 | D:6      | Reached XP level 8. HP: 62/67 MP: 12/14
  5392 | D:6      | Got the Tome of the Sky and the Ground
  5407 | D:6      | Found a glowing silver altar of Zin.
  5425 | D:6      | Reached ** piety under Okawaru
  5522 | D:6      | Reached skill level 7 in Unarmed Combat
  5788 | D:6      | Found an ornate altar of the Wu Jian Council.
  5935 | D:6      | Reached skill level 5 in Fighting
  5999 | D:6      | Reached skill level 5 in Transmutations
  6517 | D:6      | Learned a level 2 spell: Passwall
  6521 | D:6      | Learned a level 3 spell: Spider Form
  6629 | D:7      | Identified the +0 robe of Brilliance {rC+ Int+7 Slay+3}
  6643 | D:7      | Found a staircase to the Ecumenical Temple.
  6658 | Temple   | Entered the Ecumenical Temple
  7126 | D:7      | Found a blossoming altar of Fedhas.
  7156 | D:7      | Reached XP level 9. HP: 37/74 MP: 13/16
  7441 | D:7      | Reached skill level 5 in Spellcasting
  7561 | D:7      | Reached skill level 8 in Unarmed Combat
  7752 | D:7      | Found a basalt altar of Yredelemnul.
  7890 | D:7      | Gained mutation: You have very sharp teeth. [potion of
                  | mutation]
  7890 | D:7      | Gained mutation: You sometimes lose your temper in combat.
                  | [potion of mutation]
  7890 | D:7      | Gained mutation: Your muscles are strong. (Str +4, Int/Dex
                  | -1) [potion of mutation]
  7925 | D:8      | Noticed a cyclops
  7987 | D:8      | Noticed a komodo dragon
  7998 | D:8      | Killed a komodo dragon
  8034 | D:8      | Found a staircase to the Lair.
  8519 | D:8      | Reached *** piety under Okawaru
  8535 | D:8      | Killed a cyclops
  8536 | D:8      | Reached skill level 9 in Unarmed Combat
  8785 | D:8      | Reached XP level 10. HP: 84/84 MP: 14/18
  8904 | D:9      | Reached skill level 5 in Invocations
  9409 | D:9      | Found a staircase to the Orcish Mines.
 10043 | Lair:1   | Entered Level 1 of the Lair of Beasts
 10043 | Lair:1   | Noticed a cane toad
 10064 | Lair:1   | Reached skill level 10 in Unarmed Combat
 10074 | Lair:1   | Killed a cane toad
 10074 | Lair:1   | Reached **** piety under Okawaru
 10250 | Lair:1   | Noticed a cane toad
 10251 | Lair:1   | Noticed a black mamba
 10259 | Lair:1   | Killed a black mamba
 10264 | Lair:1   | Killed a cane toad
 10264 | Lair:1   | Noticed a cane toad
 10266 | Lair:1   | Noticed Harold
 10268 | Lair:1   | Noticed a four-headed hydra
 10268 | Lair:1   | Noticed a cane toad
 10270 | Lair:1   | Killed a cane toad
 10270 | Lair:1   | Reached ***** piety under Okawaru
 10278 | Lair:2   | Noticed a black mamba
 10280 | Arena    | Entered the Arena
 10291 | Arena    | Killed a black mamba
 10292 | Arena    | Reached XP level 11. HP: 19/94 MP: 12/21
 10319 | Lair:2   | HP: 3/94 [poisoned by a killer bee]
 10319 | Lair:2   | Slain by a killer bee

Illustrated notes

Levels and vault maps discovered:
D:1:      amcnicky_arrival_wind_blow, layout_loops_ring, serial_park_tiny_1,
          grunt_decor_junction, minmay_tromino_v4_a
D:2:      layout_rooms, shapermc_ecumenical_altar_totnotflames
D:3:      layout_basic, serial_glass, glass_columns_a, glass_columns_a,
          glass_columns_a, glass_columns_a, reono_crystal_passage,
          minmay_misc_feat_more_columns, chequers_big_river
D:4:      layout_cave_pods, okawaru_trees_1, tso_altar
D:5:      layout_gridville, mainiacjoe_overflow_alcove_4,
          nicolae_dithmenos_the_darkroom, gammafunk_temple_overflow_elements,
          uniq_duvessa, uniq_crazy_yiuf_cottage
D:6:      layout_loops_cross, pdpol_wu_jian_five_deadly_venoms,
          kennysheep_mini_moat
D:7:      layout_loops_ring, mainiacjoe_overflow_small_starburst,
          general_overflow_altar, minmay_temple_entry_tees,
          hangedman_decor_growths
D:8:      layout_gridville, lair_entry_dummy
D:9:      layout_roguey, erik_orc_3
Temple:   nicolae_temple_bog_church
Lair:1:   layout_small_grid, minmay_lair_oklob_items, uniq_harold
Lair:2:   layout_gridlike, hellmonk_spider_entry_not_the_bees, special_room
          [special_room_bee], dreamdust_wasp_nest

Skill      XL: |  1  2  3  4  5  6  7  8  9 10 |
---------------+-------------------------------+-----
Fighting       | 2 3 4 5 6 7 |  7.8
Unarmed Combat | 4 5 6 7 9 10 | 10.7
Transmutations | 3 4 5 6 7 |  7.3
Spellcasting   | 3 4 5 6 |  6.8
Invocations    | 1 3 4 6 |  6.3
Dodging        | |  1.7

Action                   |  1- 3 |  4- 6 |  7- 9 | 10-12 || total
-------------------------+-------+-------+-------+-------++-------
Melee: Unarmed           |   113 |   161 |   251 |   132 ||   657
       Tailslap          |    16 |    20 |    36 |    22 ||    94
       Kick              |    23 |    37 |    73 |    28 ||   161
       Headbutt          |    12 |    21 |    38 |    13 ||    84
       Punch             |     7 |     4 |    19 |     6 ||    36
       Bite              |       |       |     6 |    10 ||    16
 Cast: Beastly Appendage |    27 |    25 |    39 |    10 ||   101
       Wereblood         |       |     2 |     2 |     2 ||     6
Invok: Heroism           |       |       |    17 |     9 ||    26
       Duel              |       |       |       |     1 ||     1
 Abil: Breathe Fire      |       |       |     7 |     2 ||     9
  Use: Scroll            |     6 |     1 |     5 |     2 ||    14
       Potion            |     4 |     4 |     2 |     3 ||    13
 Stab: Sleeping          |       |       |     2 |       ||     2
       Distracted        |       |       |       |     1 ||     1
Armor: Skin              |    37 |    39 |    44 |    21 ||   141
Dodge: Dodged            |    64 |    74 |   187 |   105 ||   430
